Map: [ESL] Cosmic Sapphire

Players

Bioice - Winner!

  • Race: Zerg Zerg
  • Spawn Location: 5:00

Ukko

  • Race: Zerg Zerg
  • Spawn Location: 11:00

Event: DreamHack SC2 Masters 2022 Atlanta (Online)

VOD

Have the link to the VOD?

Description

Time

  • Played on: Oct. 4, 2022, 4:24 p.m.
  • Length: 8:50

All games in this series

Show
View Real Time Build Order
Export as new Build Order

Bioice Zerg - Winner!

Build Orders: Hatch First 

Get SALT Encoding   

  12  0:00  Drone  
  13  0:12  Overlord  
  13  0:17  Drone  
  14  0:31  Drone  
  14  0:32  Drone  
  16  0:48  Hatchery  
  15  0:51  Drone  
  15  0:57  Drone  
  17  0:58  Drone  
  18  1:05  Extractor  
  17  1:15  Spawning Pool  
  17  1:17  Drone  
  17  1:20  Drone  
  18  1:28  Drone  
  19  1:40  Drone  
  20  1:50  Drone  
  21  2:02  Queen  
  21  2:03  Queen  
  21  2:05  Drone  
  21  2:06  Overlord  
  26  2:11  Zergling x2  
  26  2:13  Drone  
  28  2:25  Metabolic Boost  
  28  2:26  Drone x2  
  30  2:32  Zergling x2  
  30  2:33  Zergling x2  
  32  2:40  Hatchery  
  31  2:48  Drone x2  
  33  2:53  Baneling Nest  
  33  2:56  Overlord  
  33  2:58  Drone  
  33  3:05  Drone  
  34  3:09  Drone  
  34  3:11  Drone  
  35  3:15  Zergling x2  
  35  3:16  Zergling x2  
  35  3:17  Drone x2  
  35  3:18  Drone x2  
  41  3:24  Queen  
  44  3:34  Zergling x2  
  44  3:36  Baneling x2  
  44  3:37  Baneling x2  
  44  3:39  Overlord  
  44  3:40  Overlord  
  44  3:53  Drone x6  
  50  3:56  Overlord  
  50  4:01  Lair  
  50  4:02  Drone  
  51  4:05  Drone  
  51  4:06  Drone x2  
  51  4:09  Drone  
  53  4:14  Drone, Extractor x2  
  53  4:15  Drone  
  53  4:21  Drone x3  
  56  4:26  Drone x2  
  56  4:34  Baneling x2  
  56  4:35  Zergling x12  
  62  4:43  Evolution Chamber  
  62  4:44  Roach Warren  
  60  4:47  Drone x4  
  60  4:51  Drone x3  
  67  4:58  Overlord  
  67  5:03  Drone, Spire  
  64  5:22  Zergling x10  
  64  5:23  Zergling x2  
  64  5:27  Drone x3  
  64  5:28  Drone  
  70  5:29  Glial Reconstitution  
  70  5:30  Zerg Missile Weapons Level 1  
  70  5:31  Zergling x6  
  70  5:32  Zergling x4  
  70  5:34  Extractor  
  70  5:35  Extractor x2  
  72  5:50  Drone x5  
  72  5:51  Drone x2  
  79  6:01  Overlord x2  
  79  6:02  Hatchery  
  78  6:09  Baneling x2  
  77  6:16  Mutalisk x2  
  81  6:18  Overlord  
  81  6:19  Overlord x2  
  81  6:22  Overlord x2  
  81  6:28  Mutalisk x4  
  88  6:37  Baneling x2  
  88  6:40  Mutalisk  
  90  6:51  Mutalisk x2  
  93  6:54  Overlord  
  93  6:55  Overlord  
  90  7:09  Roach  
  90  7:10  Roach x11  
  90  7:14  Roach x2  
  113  7:17  Overlord  
  113  7:20  Evolution Chamber  
  112  7:24  Overlord x2  
  112  7:27  Queen  
  112  7:28  Roach  
  112  7:29  Roach  
  118  7:34  Roach x5  
  118  7:35  Roach  
  130  7:38  Roach  
  130  7:42  Roach x3  
  138  7:48  Overlord x2  
  138  7:56  Roach x2  
  142  8:01  Roach  
  142  8:02  Roach x3  
  148  8:06  Roach x2  
  148  8:11  Roach x3  
  158  8:14  Roach x2  
  160  8:28  Roach x9  
Show
View Real Time Build Order
Export as new Build Order

Ukko Zerg 

Build Orders: Hatch First 

Get SALT Encoding   

  12  0:00  Drone  
  13  0:12  Overlord  
  13  0:19  Drone  
  14  0:30  Drone x2  
  16  0:48  Hatchery  
  15  0:51  Drone  
  15  0:55  Drone  
  17  0:58  Drone  
  18  1:07  Extractor  
  17  1:14  Spawning Pool  
  17  1:17  Drone  
  17  1:20  Drone  
  18  1:27  Drone  
  19  1:39  Overlord  
  19  1:53  Drone  
  20  1:59  Drone  
  20  2:00  Zergling x2  
  20  2:01  Queen x2  
  26  2:08  Metabolic Boost  
  26  2:10  Drone  
  26  2:11  Drone  
  28  2:21  Drone x2  
  30  2:34  Hatchery  
  29  2:38  Zergling x2  
  30  2:46  Drone  
  30  2:48  Overlord  
  30  2:50  Baneling Nest  
  30  3:03  Zergling x4  
  32  3:07  Zergling x2  
  32  3:08  Drone x2  
  32  3:10  Drone x3  
  32  3:12  Drone x2  
  40  3:15  Drone  
  40  3:19  Drone x2  
  43  3:24  Evolution Chamber  
  42  3:27  Drone  
  42  3:30  Overlord  
  43  3:37  Overlord  
  43  3:41  Drone  
  43  3:44  Baneling x2  
  43  3:48  Drone x6  
  50  3:52  Queen  
  52  3:56  Zerg Missile Weapons Level 1  
  52  3:59  Overlord  
  52  4:03  Drone x2  
  52  4:04  Drone  
  51  4:11  Zergling x4  
  52  4:22  Evolution Chamber  
  50  4:28  Drone x9  
  59  4:38  Drone x2  
  59  4:39  Lair  
  59  4:41  Extractor  
  59  4:42  Extractor  
  59  4:45  Overlord x2  
  59  4:48  Spine Crawler  
  59  4:50  Zergling x4  
  60  4:53  Roach Warren, Spine Crawler  
  60  4:55  Zergling x2  
  60  4:58  Zergling x2  
  60  5:00  Baneling x2  
  60  5:01  Baneling  
  60  5:06  Zergling x10  
  64  5:09  Queen  
  58  5:25  Drone x6  
  58  5:26  Drone x2  
  65  5:35  Drone x5  
  71  5:37  Glial Reconstitution  
  71  5:39  Overseer  
  71  5:43  Drone x6  
  71  5:44  Drone  
  71  5:49  Overlord x2  
  78  5:51  Baneling x3  
  78  5:54  Extractor  
  78  5:55  Extractor  
  76  6:02  Queen x3  
  82  6:07  Zergling x10  
  87  6:23  Zergling x18  
  94  6:27  Hatchery  
  94  6:31  Spore Crawler  
  94  6:32  Spore Crawler  
  90  6:33  Zerg Missile Weapons Level 2  
  90  6:37  Queen  
  90  6:38  Pneumatized Carapace  
  92  6:43  Spore Crawler  
  92  6:46  Drone x10  
  97  6:48  Extractor  
  97  6:50  Infestation Pit  
  93  6:56  Overlord x2  
  93  7:07  Drone  
  93  7:08  Overlord x6  
  88  7:13  Queen  
  87  7:24  Queen x2  
  87  7:29  Spore Crawler  
  90  7:31  Spore Crawler x2  
  90  7:32  Drone  
  88  7:38  Spore Crawler  
  88  7:41  Roach x3  
  92  7:44  Baneling x2  
  92  7:48  Roach  
  92  7:49  Queen, Roach  
  98  7:53  Infestor x3  
  104  8:04  Infestor x3  
  110  8:08  Overseer  
  110  8:09  Queen x2  
  110  8:11  Drone  
  115  8:13  Drone x2  
  115  8:17  Drone, Extractor  
  117  8:20  Roach x3  
  117  8:22  Roach  
Tags
 
Add a new tag
Caveats
  • Supply blocks, unpowered buildings, or Contaminate may cause inaccurate times.
  • Supply counts are checked every 10 seconds.